[Event "87th Spanish Championship 2022"]
[Site "Linares"]
[Date "2022.08.15"]
[Round "6.33"]
[White "Gonzalez Castillo, Jose Javier"]
[Black "Esquivias Quintero, Luis Manuel"]
[Result "1/2-1/2"]
[ECO "B00"]
[WhiteElo "2009"]
[BlackElo "2299"]
[Annotator "TA"]
[PlyCount "126"]
[EventDate "2022.08.11"]
[EventType "swiss"]
[EventCountry "ESP"]
[SourceTitle "playchess.com"]
[Source "ChessBase"]
[SourceQuality "1"]
[TimeControl "5400+30"]

1. e4 d6 2. g3 Nf6 3. Bg2 e5 4. Ne2 Be7 5. O-O O-O 6. d4 {[%emt 0:00:21] B07: Pirc Defence: Miscellaneous Systems.} Re8 7. Nbc3 c6 8. a4 a5 9. h3 Na6 10. Be3 Nb4 11. g4 {[%emt 0:02:25] [#]} (11. Re1 $11) 11... h5 $146 ({Predecessor:} 11... h6 12. Qd2 b6 13. f4 Ba6 14. Rfe1 Nd7 15. Ng3 exf4 16. Bxf4 Bg5 17. Rac1 Bxf4 18. Qxf4 {0-1 (42) Dilmukhametov,A (2293)-Koellner,R (2440) Chess.com INT 2022}) 12. f3 hxg4 13. fxg4 Nh7 14. Ng3 Bg5 15. Bf2 Nf8 16. Nce2 $1 g6 17. c3 Na6 18. Qb3 Ne6 19. Rad1 Qe7 20. Qb6 {[%emt 0:08:55] [#]} (20. Rd3 $11) 20... Qc7 (20... Nb4 $1 $17 {[%mdl 512] Strongly threatening ...Ra6.} 21. d5 (21. cxb4 $2 Ra6 $17) (21. dxe5 dxe5) 21... Ra6 22. dxe6 Bxe6 $1 23. cxb4 Rxb6 24. Bxb6 axb4) 21. Qxc7 $11 Nexc7 22. d5 Nc5 $2 (22... Bd7 $15 {stays ahead.}) 23. Bxc5 $16 dxc5 24. d6 Be6 25. dxc7 $18 Bb3 26. Ra1 Rec8 27. Nc1 (27. Ra3 $6 c4 $16) 27... Be6 28. Nd3 f6 29. Kh1 (29. Nxc5 Be3+ 30. Kh2 Bxc5 $11) 29... b6 30. Bf3 (30. h4 Bxh4 31. Kh2 Bc4 $11) 30... c4 (30... Rxc7 $142 31. Nf2 Kf7) 31. Nf2 ({Inferior is} 31. h4 Bxh4 32. Nf4 exf4 $17) 31... Rxc7 32. Rfd1 Kf7 33. Kg2 Ke7 34. Nf1 b5 35. axb5 cxb5 36. Rd5 Rb7 $16 {[%emt 0:08:15] [#]} 37. Ng3 $1 a4 38. Nf5+ gxf5 $11 39. exf5 Bxd5 40. Bxd5 Raa7 (40... Rbb8 $11 {keeps the balance.} 41. Bxa8 Rxa8) 41. Bxb7 $16 {[%emt 0:00:03] White is more active.} Rxb7 {[%mdl 4096] Endgame KRB-KRN} 42. Ne4 ({White has to play} 42. h4 $1 $16 Bh6 43. Ne4) 42... Rd7 43. Rh1 (43. h4 $11 {deserves consideration.} Bxh4 44. Rh1) 43... Bh4 $1 $15 44. Kf3 $1 Rd3+ 45. Ke2 Bg5 ({Better is} 45... Ke8 $15) 46. Nxg5 $11 fxg5 {[%emt 0:00:37] KR-KR} 47. h4 Kf6 48. h5 {[%emt 0:01:22] aiming for h6.} Kg7 49. h6+ Kh7 50. Rh5 {[%emt 0:00:04] Black must now prevent f6.} b4 51. cxb4 {[%emt 0:00:56] f6 is the strong threat.} Rb3 52. Kd2 e4 (52... Rxb2+ $11 53. Kc3 a3 54. Rxg5 e4) 53. Rxg5 (53. Kc2 $1 $14) 53... e3+ (53... Rxb2+ $11 {might be stronger.} 54. Ke3 c3 55. Rg7+ (55. Kxe4 $2 c2 $19) 55... Kxh6 56. Rg6+ Kh7) 54. Kc2 $1 $14 e2 $2 (54... Kxh6 $14 55. Rg6+ Kh7) 55. Rg7+ $18 Kxh6 {[%emt 0:00:04] [#]} 56. Rg6+ $2 (56. Re7 $1 $18 ) 56... Kh7 $14 57. Re6 Rg3 $2 (57... Rxb4 $14 58. Rxe2 c3 59. Re7+ (59. Kxc3 Rxg4 60. Re7+ Kh6 $14) 59... Kh6) 58. Rxe2 $18 Rxg4 59. Rf2 $2 (59. Kc3 Kg7 60. b5) 59... Rg3 60. b5 (60. Rf4 $142) 60... a3 $2 (60... Rb3 61. f6 Kg8) 61. bxa3 Rxa3 62. Rf4 (62. Rf1 $142 Ra7 63. Kc3 Kg7 64. Kxc4 Rb7 65. Kc5 Kf6 66. b6 Rb8 67. Rb1 Kxf5 68. Kc6) 62... Rb3 {[%emt 0:00:07] [#]} 63. Rxc4 $2 (63. f6 $1 {mates} Kg8 64. f7+ Kf8 65. Rf5 Rd3 66. b6 Rb3 67. Rf6 Re3 68. Rf1 Re2+ 69. Kc3 Re3+ 70. Kxc4) 63... Rxb5 {[%emt 0:00:05] Weighted Error Value: White=0.56/Black=0.54} 1/2-1/2

[Event "87th Spanish Championship 2022"]
[Site "Linares"]
[Date "2022.08.15"]
[Round "6.34"]
[White "Aguado Doncel, Pablo Luis"]
[Black "Guerra Bastida, Diego"]
[Result "1/2-1/2"]
[ECO "A90"]
[WhiteElo "2029"]
[BlackElo "2242"]
[Annotator "TA"]
[PlyCount "117"]
[EventDate "2022.08.11"]
[EventType "swiss"]
[EventCountry "ESP"]
[SourceTitle "playchess.com"]
[Source "ChessBase"]
[SourceQuality "1"]
[TimeControl "5400+30"]

1. d4 e6 2. c4 f5 3. g3 Nf6 4. Bg2 d5 5. Nf3 c6 6. O-O Bd6 7. Nc3 O-O 8. Qc2 Ne4 9. Rb1 b6 {[%emt 0:01:35] A90: Dutch Defence: Miscellaneous and Modern Stonewall (with ...Bd6).} 10. b4 Ba6 11. b5 cxb5 {[%emt 0:00:18] Threatens to win with ...Nxc3. White has an edge.} 12. Nxb5 ({But not} 12. cxb5 Qc8 13. Bd2 (13. bxa6 Qxc3 14. Qd3 Rc8 $15) 13... Bb7 $11) (12. Nxe4 $1 $14 dxe4 13. Ng5) 12... Bxb5 13. Rxb5 {[%emt 0:00:59] [#]} Qd7 $146 ({Predecessor:} 13... a6 14. Rb2 Nd7 15. cxd5 Rc8 16. Qa4 exd5 17. Qxa6 Ra8 18. Qb5 Ra5 19. Qb3 Qa8 {1-0 (33) Martin Catalan,J (2045)-Serrat Claver,D (1815) Aragon 2016}) 14. Nd2 (14. Qd3 $14) 14... Rc8 (14... Nc6 $11 15. Qb2 (15. Nxe4 Nxd4 16. Qd2 Nxb5 $17) 15... Rac8) 15. Bxe4 ({Of course not} 15. Nxe4 fxe4 16. Qb1 Rxc4 $15) (15. Qb2 $14) 15... fxe4 16. Qb3 (16. Qb1 $11) 16... Nc6 $36 {[%emt 0:00:35][%mdl 2048] Black has strong initiative.} 17. e3 (17. Qb2 $142) 17... Na5 18. Rxa5 bxa5 19. cxd5 Rab8 20. dxe6 Qc6 21. Qd1 Bb4 (21... Be7 $142 $1 22. Qg4 Rb6) 22. Qg4 Bxd2 ({Better is} 22... Rb6 $17) 23. Bxd2 $15 Re8 24. Rc1 (24. Qf5 $11 Qxe6 25. Qxa5) 24... Qxe6 $17 25. Qxe6+ Rxe6 26. Bxa5 {[%emt 0:02:05][%mdl 4096] Endgame KRR-KRB} Rb2 ({Black should try} 26... Ra6 $1 $17 27. Rc5 Rb2) 27. d5 (27. a3 $15) 27... Re7 (27... Ra6 $17 28. Rc8+ Kf7) 28. a4 Rd7 29. Rc7 (29. Rd1 $15) 29... Rxc7 $1 30. Bxc7 {[%emt 0:00:05] KR-KB} Rd2 31. d6 Kf7 {[%emt 0:02:36][%mdl 1024] Black has strong compensation.} 32. a5 a6 33. g4 Ke6 34. Kg2 h5 35. h3 (35. gxh5 $142 Rd5 36. f3) 35... h4 $1 36. Kg1 Kd7 37. Kg2 Kc6 38. Kg1 Rd1+ 39. Kg2 Kb5 40. Kh2 Kc4 {[%emt 0:00:29] White must now prevent ...Rd5.} 41. Kg2 Rd5 42. Kf1 Kd3 43. Ke1 g6 $1 44. Kd1 $2 {[%emt 0:01:22][%mdl 8192] [#]} (44. Kf1 $17) 44... Kc3+ $2 (44... Rb5 $1 $19 45. Kc1 Rd5) 45. Ke1 $2 (45. Ke2 $11) 45... Kc2 $2 (45... Kb4 $17 46. f3 exf3) 46. Ke2 Rd2+ 47. Ke1 Kc1 48. Bb8 Kc2 49. Bc7 g5 50. Bb8 Rd5 51. Bc7 Kd3 52. Kd1 $2 {[%emt 0:00:10] [#]} (52. Kf1 $11) 52... Rb5 $1 $19 53. Kc1 {[%emt 0:00:18] Prevents Rb1+. d7 is the strong threat.} Rc5+ $2 (53... Rb7 $19 54. Bd8 Rd7 55. Bxg5 Rxd6) 54. Kd1 {[%emt 0:00:15] White wants to mate with d7.} Rd5 {[%emt 0:00:13] And now ...Rb5 would win.} 55. Ke1 $1 Kc3 56. Ke2 Kc2 57. Ke1 Kd3 $2 (57... Rd1+ $11 58. Ke2 Rd2+ 59. Kf1 Rd5) 58. Kd1 $17 Rb5 59. Kc1 {[%emt 0:00:08] Inhibits Rb1+.  Weighted Error Value: White=0.36/Black=0.40} 1/2-1/2

[Event "87th Spanish Championship 2022"]
[Site "Linares"]
[Date "2022.08.15"]
[Round "6.35"]
[White "Massanet Massanet, Sebastian"]
[Black "Centeno Mendoza, Julio Stefano"]
[Result "1-0"]
[ECO "C88"]
[WhiteElo "2232"]
[BlackElo "2148"]
[Annotator "NA RC"]
[PlyCount "45"]
[EventDate "2022.08.11"]
[EventType "swiss"]
[EventCountry "ESP"]
[SourceTitle "playchess.com"]
[Source "ChessBase"]
[SourceQuality "1"]
[TimeControl "5400+30"]

1. e4 e5 2. Nf3 Nc6 3. Bb5 a6 4. Ba4 Nf6 5. O-O Be7 6. Re1 b5 7. Bb3 O-O 8. a4 b4 9. d4 Nxd4 10. Bxf7+ Rxf7 11. Nxe5 Rf8 12. Qxd4 Bb7 13. Nd2 Kh8 14. h3 d6 15. Nef3 c5 16. Qd3 d5 17. exd5 Nxd5 18. Nc4 Qc7 19. Ng5 Bxg5 20. Bxg5 h6 21. Be3 Nf4 22. Qd6 Rac8 23. Bxf4 1-0

[Event "87th Spanish Championship 2022"]
[Site "Linares"]
[Date "2022.08.15"]
[Round "6.36"]
[White "Garcia Gimenez, Santiago"]
[Black "Garcia Garcia, Samuel"]
[Result "1/2-1/2"]
[ECO "E68"]
[WhiteElo "2193"]
[BlackElo "2084"]
[Annotator "NA RC"]
[PlyCount "105"]
[EventDate "2022.08.11"]
[EventType "swiss"]
[EventCountry "ESP"]
[SourceTitle "playchess.com"]
[Source "ChessBase"]
[SourceQuality "1"]
[TimeControl "5400+30"]

1. Nf3 Nf6 2. g3 g6 3. Bg2 Bg7 4. O-O O-O 5. d4 d6 6. c4 Nbd7 7. Nc3 e5 8. e4 exd4 9. Nxd4 Re8 10. h3 Nc5 11. Re1 Bd7 12. b4 Ne6 13. Be3 h6 14. f4 Nh5 15. Kh2 c5 16. bxc5 dxc5 17. Nxe6 Bxe6 18. e5 f6 19. g4 fxe5 20. gxh5 exf4 21. Bd2 Qd3 22. Ne4 Rad8 23. Bxf4 Qxc4 24. Qc1 g5 25. Qxc4 Bxc4 26. Rac1 Bxa2 27. Bg3 b6 28. Nd6 Rxe1 29. Rxe1 Bf8 30. Nf5 Bf7 31. Bf3 c4 32. Rd1 Rc8 33. Bg4 Ra8 34. h4 gxh4 35. Bf4 b5 36. Rd7 b4 37. Bxh6 b3 38. Bxf8 Rxf8 39. Nd6 c3 40. Rc7 c2 41. Bf5 Bxh5 42. Be6+ Kh8 43. Bxb3 Bd1 44. Nf7+ Kg7 45. Ne5+ Kh6 46. Nd3 Rf3 47. Nc1 Kg5 48. Rxa7 Kf4 49. Re7 Re3 50. Rf7+ Ke4 51. Rf2 Rc3 52. Rg2 Kd4 53. Bxc2 1/2-1/2

[Event "87th Spanish Championship 2022"]
[Site "Linares"]
[Date "2022.08.16"]
[Round "7.1"]
[White "Iturrizaga Bonelli, Eduardo"]
[Black "Narciso Dublan, Marc"]
[Result "1-0"]
[ECO "A40"]
[WhiteElo "2619"]
[BlackElo "2461"]
[Annotator "TA"]
[PlyCount "91"]
[EventDate "2022.08.11"]
[EventType "swiss"]
[EventCountry "ESP"]
[SourceTitle "playchess.com"]
[Source "ChessBase"]
[SourceQuality "1"]
[TimeControl "5400+30"]

1. d4 e6 2. Nf3 f5 3. Bf4 Nf6 4. e3 b6 5. Be2 Bb7 6. O-O {[%emt 0:00:20] A80: Dutch Defence: Unusual White second moves.} Nc6 7. c4 Ne7 {[%emt 0:00:14] Prevents d5.} 8. Nc3 {[%emt 0:11:44] White is slightly better.} (8. d5 $5) 8... Ng6 {[%emt 0:00:10] [#]} 9. Bg3 $146 {[%emt 0:02:35] Hoping for Nb5.} (9. Ne5 {looks sharper.} Nxf4 10. exf4 Bb4 11. Bf3) ({Predecessor:} 9. Ne5 Nxf4 10. exf4 Bb4 11. Bh5+ g6 12. Bf3 Bxf3 13. Qxf3 O-O 14. Rad1 Re8 15. d5 Bxc3 16. Qxc3 {½-½ (40) Mikaelyan,A (2495)-Maghsoodloo,P (2572) Yerevan 2018}) 9... Nh5 10. Nd2 Nxg3 11. hxg3 Bb4 12. f4 O-O 13. Bf3 Bxf3 14. Nxf3 Bxc3 15. bxc3 c5 16. Qd3 Qc7 17. d5 Qd6 18. e4 fxe4 19. Qxe4 exd5 20. Qd3 Ne7 21. Rad1 Rae8 22. cxd5 (22. Rfe1 $11) 22... Nf5 (22... c4 $17 23. Qxc4 Nf5) 23. Ne5 $15 c4 24. Qf3 Qc5+ (24... b5 $5 ) 25. Rf2 Re7 {[%emt 0:04:20] [#] White must now prevent ...d6.} 26. d6 $1 $36 {[%emt 0:02:28][%mdl 2048] White has good play.} Nxd6 {[%emt 0:00:06] Threatens to win with ...Rxe5.} 27. Rd5 Qa3 28. Rfd2 Nf7 {[%emt 0:01:30] And now ...Nxe5 would win.} 29. Nxc4 Re1+ 30. Kh2 (30. Kf2 $5 Qc1 31. Rd1 Rxd1 32. Rxd1 Qc2+ 33. Rd2 $14) 30... Qc1 (30... Qa4 $11 {remains equal.} 31. Nd6 Qc6) 31. Rd1 $16 Rxd1 32. Rxd1 Qc2 33. Rxd7 Qxa2 34. Qd5 Qb3 35. Rxa7 b5 36. Nb6 {[%emt 0:00:07] 0x0.00198ba7208adp-1022s more active pieces.} Qxd5 37. Nxd5 {[%emt 0:00:03][%mdl 4096] Endgame KRN-KRN} Nd6 38. Rd7 Nc4 (38... Ne4 $142) 39. Rb7 (39. g4 $142) 39... Na3 $2 {[%emt 0:00:11] Loses the game.} (39... Nd6 $16 40. Rb6 Rd8) 40. Ne7+ $18 Kh8 41. g4 g6 42. Nd5 {[%emt 0:00:33] [#] g5 is the strong threat.} h6 (42... Kg8 43. g5 Rf7) 43. g5 hxg5 44. fxg5 {[%emt 0:00:04] White mates.} Rf5 45. Nf6 Rxg5 46. Rh7# {[%emt 0:00:03] Weighted Error Value: White=0.14 (very precise) /Black=0.37} 1-0

[Event "87th Spanish Championship 2022"]
[Site "Linares"]
[Date "2022.08.16"]
[Round "7.2"]
[White "Yuffa, Daniil"]
[Black "Garriga Cazorla, Pere"]
[Result "1-0"]
[ECO "D37"]
[WhiteElo "2603"]
[BlackElo "2505"]
[Annotator "TA"]
[PlyCount "101"]
[EventDate "2022.08.11"]
[EventType "swiss"]
[EventCountry "ESP"]
[SourceTitle "playchess.com"]
[Source "ChessBase"]
[SourceQuality "1"]
[TimeControl "5400+30"]

1. d4 Nf6 2. c4 e6 3. Nf3 d5 4. Nc3 a6 5. cxd5 exd5 6. Qb3 {[%emt 0:00:05][%cal Oe2e4] D37: Queen's Gambit Declined: 5 Bf4.} Be7 7. Bf4 c6 8. e3 {[%emt 0:00:37] The position is equal.} Nbd7 9. h3 O-O 10. Bd3 {[%emt 0:08:41] [#]} Re8 $146 ({Predecessor:} 10... b5 11. Ne5 Bb7 12. Qc2 h6 13. O-O Nxe5 14. dxe5 Nd7 15. Bf5 Nc5 16. b4 Ne6 {0-1 (48) Uhoda,P (2125)-Denayer,E (2258) Namur 2009}) 11. O-O Nf8 12. Na4 {[%emt 0:05:13] Black must now prevent Nb6.} Ne6 13. Be5 {[%emt 0:03:40] Nb6 is the strong threat.} Nd7 {[%emt 0:08:54] Against Nb6} 14. Bh2 a5 15. Rac1 g6 16. Rfe1 Bb4 17. Re2 Ng5 18. Nxg5 Qxg5 19. a3 Bf8 20. Rce1 Qf6 21. Bb1 b5 22. Nc3 Nb6 23. Bd3 Bd7 24. Qd1 (24. Bc7 $11 Nc4 25. Bxc4 dxc4 26. Qc2) 24... Rac8 (24... b4 $5 25. Na4 Nxa4 26. Qxa4 Qd8 $11) 25. Rc2 a4 26. Rd2 Qg5 27. Bf4 Qf6 28. Bg3 Bh6 29. Rde2 Bg7 30. Rc2 h5 31. Bf4 Bf8 32. Rd2 Bg7 33. Ne2 Bf8 34. Nc3 Bg7 35. Na2 Bf5 36. Be5 Qe6 37. Bxg7 {[%emt 0:00:35] Hoping for Bxf5.} Bxd3 38. Be5 Bf5 39. Bh2 Nc4 40. Rde2 g5 $36 {[%emt 0:00:50][%mdl 2048] Black has good play.} 41. Nc3 (41. Nb4 $15) 41... Qg6 $1 $17 42. b3 (42. e4 $17 dxe4 43. Qc1) 42... Nxa3 (42... axb3 $19 {And now ...Bc2 would win.} 43. e4 dxe4 44. Qxb3 g4 45. hxg4 hxg4) 43. bxa4 b4 (43... g4 $5 44. h4 b4 $15) 44. Qb3 bxc3 45. Qxa3 Bd3 46. Qxc3 $2 Bxe2 $19 47. Rxe2 {[%emt 0:00:02] [#]} Ra8 (47... c5 $1 $19 {[%cal Rc5d4] Threatens to win with ...cxd4.} 48. Re1 c4) 48. a5 $17 Re7 {[%emt 0:00:15] Strongly threatening ...Rea7.} 49. Rb2 {[%emt 0:01:46] [#]} (49. Rc2 $142) 49... Rea7 $1 50. Be5 ({Wrong is} 50. Rb8+ $2 Rxb8 51. Bxb8 Qb1+ 52. Kh2 Qxb8+ $19) 50... Rxa5 $2 {[%emt 0:00:36] [#]} (50... Kh7 $17 51. Rb6 Rxa5 52. Qxc6 Qxc6 53. Rxc6 R8a6) 51. Qxa5 $3 {[%emt 0:00:13][%mdl 512] White used his chance.  Weighted Error Value: White=0.20 (precise) /Black=0.23 (precise)} 1-0

[Event "87th Spanish Championship 2022"]
[Site "Linares"]
[Date "2022.08.16"]
[Round "7.3"]
[White "Gines Esteo, Pedro Antonio"]
[Black "Perez Candelario, Manuel"]
[Result "1-0"]
[ECO "D35"]
[WhiteElo "2455"]
[BlackElo "2578"]
[Annotator "TA"]
[PlyCount "71"]
[EventDate "2022.08.11"]
[EventType "swiss"]
[EventCountry "ESP"]
[SourceTitle "playchess.com"]
[Source "ChessBase"]
[SourceQuality "1"]
[TimeControl "5400+30"]

1. d4 d5 2. c4 e6 3. Nc3 Nf6 4. cxd5 exd5 5. Bg5 Be7 6. e3 c6 7. Qc2 Nbd7 8. Nf3 Nf8 {[%emt 0:03:39] Recently 8...Nh5 got a lot of attention. D36: Queen's Gambit Declined: Exchange Variation: Main line (5 Bg5 c6 6 Qc2).} 9. h3 Ne6 10. Bh4 O-O {[%emt 0:01:52] White is slightly better.} 11. Be2 g6 12. O-O Ng7 {[%emt 0:03:27] [#]} 13. Bxf6 $146 ({Predecessor:} 13. Rac1 Nfh5 14. Bxe7 Qxe7 15. Ne5 f5 16. g3 Be6 17. Kh2 Qg5 18. h4 Qe7 19. f4 {½-½ (51) Ionescu,V (2115)-Marin,I (2261) Bucharest 1991}) 13... Bxf6 14. b4 Bf5 15. Qb3 a6 16. Na4 Qe7 17. Nc5 h5 18. a4 g5 19. Ne5 {[%emt 0:03:23] Inhibits g4.} Bxe5 20. dxe5 g4 21. hxg4 hxg4 22. e4 dxe4 {[%emt 0:03:17] White should prevent ...b6.} ({Don't take} 22... Qxe5 23. exf5 Qxe2 24. Nd7 $16) 23. Qg3 Nh5 24. Qe3 Rfe8 (24... Qxe5 $2 25. Qg5+ Ng7 26. Nd7 (26. Bxg4 $2 f6 $19) 26... Qxa1 27. Rxa1 Bxd7 28. Qe7 $18 (28. Bxg4 f6 $18)) 25. Qh6 Bg6 {[%emt 0:05:03][%mdl 8192] This costs Black the game.} (25... Ng7 $1 $11 {and Black has nothing to worry.}) 26. Bc4 $18 Nf4 27. Qxf4 Qxe5 28. Qxe5 ({Don't play} 28. Qxg4 Kg7 29. Rad1 b5 $18) 28... Rxe5 29. Nxb7 Kg7 30. Rad1 Rh8 31. Rd8 {[%emt 0:00:06] [#] Rxh8 is the strong threat.} Rh4 {[%emt 0:00:53] ( -> ...Reh5)} 32. Re1 f5 (32... Reh5 $142 33. Kf1 Rg5) 33. Nc5 {[%emt 0:01:01] White is clearly winning.} a5 34. Ne6+ Kf6 35. Nf4 {[%emt 0:00:06] [#] Strongly threatening Rd6+.} Bh7 36. Rd6+ {[%emt 0:01:18] Weighted Error Value: White=0.04 (flawless) /Black=0.46} 1-0

[Event "87th Spanish Championship 2022"]
[Site "Linares"]
[Date "2022.08.16"]
[Round "7.4"]
[White "Garcia Ramos, Daniel"]
[Black "Santos Latasa, Jaime"]
[Result "1/2-1/2"]
[ECO "B54"]
[WhiteElo "2438"]
[BlackElo "2675"]
[Annotator "TA"]
[PlyCount "60"]
[EventDate "2022.08.11"]
[EventType "swiss"]
[EventCountry "ESP"]
[SourceTitle "playchess.com"]
[Source "ChessBase"]
[SourceQuality "1"]
[TimeControl "5400+30"]

1. e4 c5 2. Nf3 d6 3. d4 cxd4 4. Nxd4 Nf6 5. f3 e5 6. Nb3 d5 7. Bg5 {[%emt 0:00:15] B55: Sicilian: 2...d6 3 d4 cxd4 4 Nxd4 Nf6 5 f3.} d4 8. c3 Nc6 9. cxd4 $1 {[%emt 0:00:16][%mdl 4] now scores much better than the old 9.Bb5.} Bb4+ $1 ({But not} 9... Nxd4 10. Nc3 $16) 10. Bd2 Nxe4 11. Bxb4 Qh4+ 12. g3 Nxg3 13. hxg3 Qxh1 14. Bc5 Bh3 15. N1d2 {[%emt 0:00:11] [#]} b6 $146 (15... O-O-O $11 16. Qc2 Bxf1) ({Predecessor:} 15... O-O-O 16. Qc2 Bxf1 17. O-O-O Qh6 18. Rxf1 b6 19. Ba3 exd4 20. Qf5+ Qe6 21. Qxe6+ fxe6 {1-0 (41) Bick,G (2375)-Bakhmatsky,V (2442) Vienna 2019}) 16. Ba3 $16 Qg1 17. Qe2 Qxg3+ 18. Kd1 Bxf1 19. Qxf1 O-O-O $1 {[%emt 0:02:28] aiming for ...Kb7.} 20. Rc1 Kb7 {[%emt 0:00:22] [#]} 21. Rxc6 {[%emt 0:10:51] The board is on fire.} Kxc6 {[%emt 0:00:09] The position is equal.} 22. Na5+ bxa5 23. Qa6+ Kc7 24. Qxa7+ Kc8 {[%emt 0:00:05] [#] Threatens to win with ...Qg1+.} 25. Qa8+ Kc7 26. Qxa5+ Kb7 {[%emt 0:00:38] White must now prevent ...Qg1+.} 27. Qb5+ Kc7 {[%emt 0:00:15] ...Qg1+ is the strong threat.} 28. Qc5+ Kb7 {[%emt 0:00:12] Hoping for ...Qg1+.} 29. Qb5+ Kc7 {[%emt 0:00:04] Strongly threatening ...Qg1+.} 30. Qc5+ Kb7 {[%emt 0:00:05] Weighted Error Value: White=0.07 (flawless) /Black=0.07 (flawless)} 1/2-1/2

[Event "87th Spanish Championship 2022"]
[Site "Linares"]
[Date "2022.08.16"]
[Round "7.5"]
[White "Alonso Garcia, Aaron"]
[Black "Moreno Ruiz, Javier"]
[Result "0-1"]
[ECO "B35"]
[WhiteElo "2374"]
[BlackElo "2428"]
[Annotator "TA"]
[PlyCount "104"]
[EventDate "2022.08.11"]
[EventType "swiss"]
[EventCountry "ESP"]
[SourceTitle "playchess.com"]
[Source "ChessBase"]
[SourceQuality "1"]
[TimeControl "5400+30"]

1. e4 c5 2. Nf3 Nc6 3. d4 cxd4 4. Nxd4 g6 5. Nc3 Bg7 6. Be3 Nf6 7. Bc4 O-O 8. Bb3 Re8 {[%emt 0:00:38] B35: Sicilian: Accelerated Dragon with 5 Nc3: main line.} 9. f3 e6 10. f4 Nd5 {[%emt 0:01:26] White has an edge.} 11. exd5 exd5 {[%emt 0:00:22] White must now prevent ...Bxd4.} 12. Kf2 Rxe3 $1 13. Kxe3 {[%emt 0:05:51] [#] Hoping for Nce2.} Bxd4+ $146 ({Predecessor:} 13... Nxd4 14. Nxd5 Nf5+ 15. Kd2 Bxb2 16. Re1 d6 17. c3 Be6 18. Rb1 Ba3 19. g4 Nd4 20. cxd4 Bxd5 21. Bxd5 {½-½ (34) Azarov,S (2574)-Dragun,K (2594) Rockville 2018}) 14. Kd2 Bxc3+ (14... Qa5 $2 15. Qf3 $16) 15. bxc3 d4 16. Qf3 (16. cxd4 $14 d5 17. Ke3) 16... dxc3+ 17. Qxc3 d5 18. Rae1 (18. Rhe1 $11) 18... Bf5 {[%emt 0:02:28][%cal Bc8f5,Bf5c2,Bc2d3,Bd3c4,Bc4e6][%mdl 1056] Black has compensation.} 19. Kc1 {[%emt 0:01:45] White is now going downhill.} ({Better is} 19. Re2 $15) 19... a5 $17 {[%emt 0:10:52] And now ...a4 would win.} 20. a4 Rc8 21. Re2 Nb4 22. Qd4 Qc7 23. Kb2 Bxc2 {[%emt 0:03:06] Dancing on a razor blade.} (23... Nxc2 $2 24. Bxc2 Bxc2 25. Rc1 $18) 24. Rc1 Nd3+ 25. Qxd3 Bxd3 {[%emt 0:00:09][%mdl 64] Discovered Attack} 26. Rxc7 Rxc7 {[%emt 0:00:11][%mdl 4096] Endgame KRB-KRB} 27. Re8+ Kg7 28. Bxd5 Bc4 29. Bf3 {[%emt 0:00:37] [#]} (29. Be4 $17) 29... Be6 $1 $19 30. Ra8 {[%emt 0:02:30] [#]} b6 31. Rb8 Rc4 32. Rxb6 Rxa4 ({Not} 32... Rxf4 33. Bc6 $17) 33. Ra6 h5 ({Worse is} 33... Rxf4 34. Rxa5 Rc4 35. h3 $17) 34. Kc3 h4 (34... Rxf4 35. Rxa5 h4 36. Kd2 $17) 35. Kd2 Ra2+ ({Inferior is} 35... Rxf4 36. Rxa5 h3 37. Ke3 hxg2 38. Bxg2 $17) 36. Ke3 $2 (36. Kd1) 36... a4 37. Ra5 a3 38. Bd5 Bxd5 39. Rxd5 Rxg2 {[%emt 0:00:21] KR-KR} 40. Ra5 Rxh2 41. Kf3 f5 {[%emt 0:01:27] ( -> ...a2)} 42. Ra6 a2 {[%emt 0:00:25] Black mates.} 43. Ra5 Rb2 44. Ra7+ Kf6 45. Ra6+ Ke7 46. Ra7+ Kd6 47. Ra6+ Kc7 48. Ra7+ Kb8 49. Ra6 h3 50. Kg3 h2 51. Ra5 h1=Q 52. Ra8+ Qxa8 {[%emt 0:00:07] Weighted Error Value: White=0.74/Black=0.02 (flawless)} 0-1